 Dungeon Crawl Stone Soup version 0.25-a0-292-gaa31f046c4 (webtiles) character file.

Game seed: 3165492093816332536, levelgen mode: classic

153616 Borgoz the Fighter (level 17, -4/112 HPs)
             Began as a Gargoyle Gladiator on Dec 15, 2019.
             Was a High Priest of Ashenzari.
             Slain by the 27-headed Lernaean hydra (11 damage)
             ... on level 4 of the Swamp.
             The game lasted 01:08:54 (31319 turns).

Borgoz the Fighter (Gargoyle Gladiator)            Turns: 31319, Time: 01:08:54

Health: -4/112     AC: 26    Str: 25    XL:     17   Next: 60%
Magic:  23/24      EV: 19    Int:  9    God:    Ashenzari [*****.]
Gold:   2713       SH:  0    Dex: 14    Spells: 22/26 levels left

rFire    + . .     SeeInvis +   a - +12 Vampire's Tooth {vamp}
rCold    + . .     Gourm    .   (no shield)
rNeg     + . .     Faith    .   e - +0 ring mail
rPois    ∞         Spirit   .   B - +1 hat
rElec    +         Reflect  .   (no cloak)
rCorr    .         Harm     .   L - +0 pair of gloves
MR       +....     Clarity  +   N - +1 pair of boots
Stlth    +++.......             j - amulet of rage (curse)
HPRegen  0.28/turn              g - ring of protection from fire
MPRegen  0.19/turn              C - ring "Somue" {rC+ Dex+3}

@: confusing touch, flying
A: big wings, negative energy resistance 1, electricity resistance, unbreathing,
petrification resistance, rot immunity, AC +12
a: Stop Flying, Curse Item, Scrying, Transfer Knowledge, Renounce Religion,
Evoke Berserk Rage


You were on level 4 of the Swamp.
You worshipped Ashenzari.
Ashenzari was extremely pleased with you.
You were not hungry.

You visited 5 branches of the dungeon, and saw 28 of its levels.
You also visited: Ice Cave.

You collected 3080 gold pieces.
You spent 367 gold pieces at shops.

Inventory:

Hand Weapons
 a - the +12 Vampire's Tooth (weapon) {vamp}
   (You found it on level 12 of the Dungeon)

   It inflicts no extra harm, but heals its wielder when it wounds a living foe.
 k - a cursed +3 quick blade
Missiles
 d - 6 throwing nets (quivered)
Armour
 e - a +0 ring mail (worn)
 B - a +1 hat (worn)
 L - a +0 pair of gloves (worn)
 N - a +1 pair of boots (worn)
 O - a +0 shield
 S - +0 fire dragon scales
Jewellery
 g - a ring of protection from fire (left hand)
 j - a cursed amulet of rage (around neck)
 C - the ring "Somue" (right hand) {rC+ Dex+3}
   (You found it in an ice cave)

   [ring of protection from cold]

   It affects your dexterity (+3).
   It protects you from cold.
 D - an uncursed ring of ice
 J - an uncursed ring of fire
Wands
 h - a wand of paralysis (21)
 y - a wand of flame (15)
 z - a wand of digging (17)
 H - a wand of disintegration (16)
 R - a wand of clouds (1)
 T - a wand of iceblast (6)
Scrolls
 b - a scroll of fog
 l - 3 scrolls of fear
 m - 12 scrolls of remove curse
 o - a scroll of silence {unknown}
 p - 4 scrolls of blinking
 q - 3 scrolls of magic mapping
 F - 6 scrolls of teleportation
 K - 10 scrolls of identify
Potions
 c - 3 potions of cancellation
 n - a potion of invisibility
 t - 3 potions of agility
 u - 6 potions of haste
 x - 7 potions of curing
 G - 5 potions of might
 I - a potion of heal wounds
 M - a potion of resistance
 Q - a potion of berserk rage
Comestibles
 f - 37 rations


   Skills:
 * Level 14.5 Fighting
 * Level 12.9 Short Blades
 - Level 1.7 Throwing
 * Level 14.5 Armour
 * Level 11.9 Dodging
 + Level 7.6 Stealth
 - Level 6.4 Shields
 - Level 5.0 Spellcasting
 - Level 6.8 Hexes
 - Level 9.0 Evocations


You had 22 spell levels left.
You knew the following spells:

 Your Spells              Type           Power        Failure   Level  Hunger
a - Confusing Touch       Hex            ##....       1%          1    #......
b - Confuse               Hex            ##......     6%          3    ###....

Your spell library contained the following spells:

 Spells                   Type           Power        Failure   Level  Hunger
 Corona                   Hex            ##.....      1%          1    #......
 Slow                     Hex            ##......     3%          2    ##.....
 Tukima's Dance           Hex            ##......     6%          3    ###....
 Ensorcelled Hibernation  Hex/Ice        #.....       12%         2    ##.....
 Dazzling Flash           Conj/Hex       #.....       24%         3    ###....
 Freeze                   Ice            #...         32%         1    #......
 Magic Dart               Conj           #...         32%         1    #......
 Sandblast                Erth           #.....       32%         1    #......
 Blink                    Tloc           N/A          43%         2    ##.....
 Call Imp                 Summ           #.......     43%         2    ##.....
 Leda's Liquefaction      Hex/Erth       #.........   63%         4    #####..
 Conjure Flame            Conj/Fire      #.......     67%         3    ###....
 Gell's Gravitas          Tloc           #.........   67%         3    ###....
 Mephitic Cloud           Conj/Pois/Air  #.......     67%         3    ###....
 Ozocubu's Armour         Chrm/Ice       #.......     67%         3    ###....
 Stone Arrow              Conj/Erth      #.....       67%         3    ###....
 Metabolic Englaciation   Hex/Ice        #.........   92%         5    ######.
 Yara's Violent Unravell  Hex/Tmut       #.........   92%         5    ######.
 Hailstorm                Conj/Ice       #.......     97%         4    #####..
 Petrify                  Tmut/Erth      #.......     97%         4    #####..
 Summon Ice Beast         Ice/Summ       #.......     97%         4    #####..
 Bolt of Magma            Conj/Fire/Erth #.........   100%        5    ######.
 Statue Form              Tmut/Erth      Unusable     N/A         6    N/A

Dungeon Overview and Level Annotations

Branches:
Dungeon (15/15)            Temple (1/1) D:5            Lair (6/6) D:9
  Swamp (4/4) Lair:3        Snake (0/4) Lair:4        Slime (0/5) Lair:5
    Orc (2/2) D:11            Elf (0/3) Orc:2        Vaults (0/5) D:14
 Depths (0/5) D:15          IceCv (visited)

Altars:
Ashenzari
Cheibriados
Dithmenos
Elyvilon
Fedhas
Gozag
Hepliaklqana
Kikubaaqudgha
Makhleb
Nemelex Xobeh
Okawaru
Qazlal
Ru
Sif Muna
Trog
Uskayaw
Vehumet
Wu Jian
Xom
Yredelemnul
Zin
The Shining One
Beogh

Shops:
D:10 *   D:12 !   Orc:1 *   Orc:2 =!*=

Annotations:
Swamp:3 exclusion: hydra
Swamp:4 Lernaean hydra
Orc:1 2 transporters, Borgoz's ghost, novice MiGl


Innate Abilities, Weirdness & Mutations

You are resistant to torment.
Your stone body is resilient. (AC +12)
You are immune to poison.
Your large and strong wings let you fly indefinitely.
You resist negative energy. (rN+)
You are resistant to electric shocks. (rElec)
You can survive without breathing.
You are immune to petrification.
You are immune to rotting.


Message History

* * * LOW HITPOINT WARNING * * *
The 27-headed Lernaean hydra bites you.
* * * LOW HITPOINT WARNING * * *
The 27-headed Lernaean hydra bites you but does no damage.
The 27-headed Lernaean hydra misses you.
The 27-headed Lernaean hydra bites you.
* * * LOW HITPOINT WARNING * * *
The 27-headed Lernaean hydra bites you but does no damage.
The 27-headed Lernaean hydra bites you!
* * * LOW HITPOINT WARNING * * *
The 27-headed Lernaean hydra barely misses you.
The 27-headed Lernaean hydra bites you but does no damage. x3
The 27-headed Lernaean hydra bites you.
* * * LOW HITPOINT WARNING * * *
The 27-headed Lernaean hydra bites you but does no damage. x2
The 27-headed Lernaean hydra closely misses you.
The 27-headed Lernaean hydra bites you but does no damage. x7
The 27-headed Lernaean hydra closely misses you.
The 27-headed Lernaean hydra bites you!
You die...

* ,≈≈ ≈
≈≈≈≈.≈####+#.≈,*, ,, ,,
** ,*♣≈≈≈.≈#......8..#≈
♣♣....≈#.8P8≈8....≈ , ≈
♣♣.≈.≈♣....=.P....#≈≈, *
♣♣.≈≈≈♣.≈#....#..≈⌠#⌠ ,,
* ≈*
♣..≈≈(≈...≈P###...##*#,
* **
≈♣≈≈..≈..(#.≈.(#.≈P⌠#⌠.
≈ * ≈
♣♣≈≈≈≈÷≈†÷†(.n......).,,
≈≈
≈♣.≈≈≈≈@D#({{(.8......≈
** ≈
♣♣≈≈≈≈.≈#≈{ii.D...#., ,
≈♣≈....≈≈####{#...#.# ,
* ♣.≈≈...## ,{.8..# ≈ ,≈
** ♣≈≈≈≈≈≈k# ,, {{.n...
, ≈ <≈ ,≈≈≈...≈≈.≈# ∆,
*D.{.... , ,,≈≈
≈≈≈≈≈≈...≈#∆ , ....≈.. ≈
, ≈≈ ≈≈≈≈≈..≈# * .#...#.
* , , ≈ ≈ , * * ≈≈.... ≈


You could see the 27-headed Lernaean hydra, a bog body and a swamp drake.

Vanquished Creatures
  Rupert (D:14)
  Jorgrun (D:14)
  Agnes (D:15)
  Gastronok (D:11)
  2 thorn hunters (Swamp:2)
  Roxanne (D:15)
  A frost giant (IceCv)
  An ironheart preserver (D:14)
  Snorg (D:12)
  A fire dragon (Lair:6)
  4 ogre magi (Orc:2)
  The ghost of Feuff the Sculptor of Flesh, a journeyman MiFi of Yredelemnul (Lair:3)
  A yaktaur captain (D:15)
  Fannar (D:12)
  8 hydras
  Erica (Lair:1)
  2 shambling mangroves (Swamp:2)
  A ghost crab (Swamp:3)
  19 two-headed ogres
  9 alligators
  3 centaur warriors
  6 tengu warriors
  Urug (Lair:4)
  4 death yaks (Lair:5)
  Sonja (D:12)
  4 swamp dragons
  2 unseen horrors (D:14)
  The ghost of Kayhiecou the Jinx, a novice SpEn of Ashenzari (D:12)
  A wizard (D:15)
  A wolf spider zombie (D:14)
  4 lindwurms
  A deep elf mage (D:14)
  3 orc sorcerers
  6 ugly things
  6 manticores
  2 oklob plants (Lair:3)
  4 cyclopes
  17 elephants
  The ghost of Borgoz the Skirmisher, a novice GrFi (D:5)
  5 centaur zombies
  Joseph (D:8)
  4 black mambas
  An ice statue (IceCv)
  7 centaur skeletons
  3 molten gargoyles (Lair:6)
  A gargoyle (D:12)
  2 torpor snails
  15 spiny frogs
  2 freezing wraiths
  10 komodo dragons
  2 yaktaurs (D:15)
  4 rime drakes
  7 kobold demonologists
  A redback zombie (D:14)
  4 tengu conjurers
  The ghost of mopl the Chopper, a novice VSMo (D:4)
  2 ice devils (Lair:3)
  3 meliai (Lair:4)
  4 trolls
  A queen bee (Lair:4)
  19 polar bears
  14 tyrant leeches
  9 hornets
  17 slime creatures
  10 hippogriffs
  10 bog bodies
  8 dream sheep
  8 blink frogs
  4 wyverns
  3 shadows
  2 spriggans
  77 yaks
  5 hogs (D:15)
  2 vampires (D:12)
  7 basilisks
  A hungry ghost (D:9)
  A steam dragon (Lair:6)
  13 vampire mosquitoes
  11 swamp worms
  5 insubstantial wisps
  2 wargs
  2 acid dragons
  2 soldier ants
  5 porcupines
  15 water moccasins
  5 hell hounds (Lair:6)
  A black bear (shapeshifter) (D:13)
  2 black bears (D:13)
  17 orc warriors
  3 sky beasts
  10 swamp drakes
  7 ice beasts
  33 ogres
  4 boggarts (D:15)
  2 eyes of draining
  22 wolves
  7 centaurs
  14 crocodiles
  2 big kobolds
  12 bullfrogs
  2 scorpions
  34 killer bees
  3 wights (D:6)
  2 howler monkeys (D:7)
  10 electric eels
  5 crimson imps
  5 lava snakes (Lair:6)
  A bullfrog zombie (D:11)
  6 hounds
  A quasit (D:9)
  6 jellies
  19 orc priests
  A bullfrog skeleton (D:4)
  12 orc wizards
  4 iguanas
  Terence (D:2)
  13 worker ants
  A killer bee zombie (D:5)
  2 bullfrog simulacra (D:5)
  The ghost of Esekla the Ducker, a weakling DEAK of Lugonu (D:4)
  A hound zombie (D:9)
  2 hound skeletons
  2 worker ant zombies
  3 gnolls (D:9)
  6 adders
  5 shadow imps
  2 oozes
  3 adder skeletons
  2 worms
  A dart slug (D:4)
  An adder simulacrum (D:5)
  10 leopard geckos
  69 orcs
  5 giant cockroaches
  6 goblins
  8 hobgoblins
  11 jackals
  21 kobolds
  6 quokkas
  10 bats
  4 frilled lizards
  A giant cockroach simulacrum (D:5)
  A jackal skeleton (D:5)
  2 quokka simulacra (D:5)
  8 rats
918 creatures vanquished.

Vanquished Creatures (others)
  Kirke (D:15)
  A thorn hunter (Swamp:3)
  An alligator (Swamp:3)
  A swamp dragon (Swamp:2)
  A spiny frog (Swamp:4)
  A polar bear (IceCv)
  A yak (IceCv)
  An insubstantial wisp (Swamp:3)
  2 killer bees (Lair:4)
  A bush (Swamp:4)
  12 fungi
  2 plants
25 creatures vanquished.

Grand Total: 943 creatures vanquished

Notes
Turn   | Place    | Note
-------+----------+-------------------------------------------
     0 | D:1      | Borgoz the Gargoyle Gladiator began the quest for the Orb.
     0 | D:1      | Reached XP level 1. HP: 12/12 MP: 1/1
    95 | D:1      | Reached XP level 2. HP: 8/18 MP: 2/2
   606 | D:1      | Reached skill level 1 in Armour
   606 | D:1      | Reached XP level 3. HP: 16/22 MP: 3/3
   829 | D:2      | Noticed Terence
   848 | D:2      | Killed Terence
  1094 | D:2      | Reached XP level 4. HP: 25/27 MP: 4/4
  1655 | D:2      | Reached skill level 1 in Stealth
  2576 | D:3      | Reached XP level 5. HP: 28/32 MP: 5/5
  2858 | D:4      | Found a runed translucent gate.
  2858 | D:4      | Found a runed translucent gate.
  2859 | D:4      | Found a runed translucent gate.
  2860 | D:4      | Noticed mopl's ghost (novice VSMo)
  2860 | D:4      | Noticed Esekla's ghost (weakling DEAK)
  2946 | D:4      | Reached XP level 6. HP: 36/37 MP: 6/6
  2972 | D:4      | Noticed a water moccasin
  2990 | D:4      | Killed a water moccasin
  2990 | D:4      | Reached skill level 1 in Evocations
  3360 | D:4      | Found a basalt altar of Yredelemnul.
  3475 | D:4      | Reached XP level 7. HP: 43/43 MP: 7/7
  3560 | D:4      | Found a shadowy altar of Dithmenos.
  3630 | D:4      | Found an opulent altar of Gozag.
  3756 | D:5      | Entered Level 5 of the Dungeon
  3832 | D:5      | Noticed Borgoz's ghost (novice GrFi)
  4020 | D:5      | Found a staircase to the Ecumenical Temple.
  4063 | Temple   | Entered the Ecumenical Temple
  4307 | D:5      | Found a bloodstained altar of Trog.
  4605 | D:5      | Found a runed translucent gate.
  4605 | D:5      | Found a runed translucent gate.
  4605 | D:5      | Found a runed translucent gate.
  4837 | D:6      | Reached XP level 8. HP: 48/48 MP: 9/9
  4854 | D:6      | Got a scorched silver ring
  4855 | D:6      | Identified the ring of Ifueduug {+Fly Dex+4 SInv} (You
                  | found it on level 6 of the Dungeon)
  4928 | D:6      | Reached skill level 5 in Short Blades
  5008 | D:6      | Found a glowing golden altar of the Shining One.
  5065 | D:6      | Reached skill level 5 in Fighting
  5243 | D:6      | Got a brightly glowing morningstar
  5244 | D:6      | Identified the +11 morningstar of Kuasezef {speed, Dex+2}
                  | (You found it on level 6 of the Dungeon)
  5848 | D:7      | Found a shimmering altar of Xom.
  5851 | D:7      | Found a sacrificial altar of Ru.
  5872 | D:7      | Found an ornate altar of the Wu Jian Council.
  6026 | D:7      | Found a shattered altar of Ashenzari.
  6080 | D:7      | Became a worshipper of Ashenzari the Shackled
  6212 | D:7      | Reached skill level 5 in Armour
  6262 | D:7      | Reached XP level 9. HP: 55/55 MP: 10/10
  6875 | D:8      | Reached skill level 5 in Dodging
  7057 | D:8      | Noticed a green ugly thing
  7064 | D:8      | Noticed a two-headed ogre
  7399 | D:8      | Noticed Joseph
  7413 | D:8      | Killed Joseph
  7656 | D:9      | Found a staircase to the Lair.
  7748 | D:9      | Found a glowing silver altar of Zin.
  8141 | D:9      | Reached * piety under Ashenzari
  8280 | D:9      | Reached XP level 10. HP: 62/63 MP: 12/12
  8302 | D:9      | Reached skill level 5 in Stealth
  8647 | D:10     | Entered Level 10 of the Dungeon
  8710 | D:10     | Found a shimmering altar of Xom.
  9157 | D:10     | Found Aqiad's Elemental Accessories.
  9506 | D:11     | Noticed a tengu warrior
  9809 | D:11     | Killed a tengu warrior
  9809 | D:11     | Reached XP level 11. HP: 41/69 MP: 14/14
  9985 | D:11     | Noticed a two-headed ogre
  9996 | D:11     | Killed a two-headed ogre
 10021 | D:11     | Noticed a two-headed ogre
 10033 | D:11     | Killed a two-headed ogre
 10053 | D:11     | Noticed a white ugly thing
 10119 | D:11     | Killed a white ugly thing
 10478 | D:11     | Found a staircase to the Orcish Mines.
 10711 | D:11     | Noticed Gastronok
 10727 | D:11     | Killed Gastronok
 10727 | D:11     | Reached skill level 5 in Evocations
 10895 | D:11     | Found a stormy altar of Qazlal.
 10979 | D:11     | Noticed a centaur warrior
 10981 | D:11     | Reached ** piety under Ashenzari
 10989 | D:11     | Killed a centaur warrior
 11295 | D:12     | Noticed Snorg
 11335 | D:12     | Killed Snorg
 11335 | D:12     | Reached XP level 12. HP: 25/77 MP: 15/15
 11604 | D:12     | Found a runed translucent door.
 11604 | D:12     | Noticed Kayhiecou's ghost (novice SpEn)
 11734 | D:12     | Learned a level 1 spell: Confusing Touch
 11738 | D:12     | Learned a level 3 spell: Confuse
 12046 | D:12     | Found Wico's Distillery.
 12052 | D:12     | Reached skill level 10 in Fighting
 12061 | D:12     | Bought a potion of heal wounds for 65 gold pieces
 12061 | D:12     | Bought a potion of might for 52 gold pieces
 12061 | D:12     | Bought a potion of might for 52 gold pieces
 12061 | D:12     | Bought a potion of curing for 39 gold pieces
 12061 | D:12     | Bought a potion of curing for 39 gold pieces
 12176 | D:12     | Found a transporter.
 12186 | D:12     | Found a transporter.
 12368 | D:12     | Reached skill level 1 in Hexes
 12381 | D:12     | Noticed Sonja
 12390 | D:12     | Reached skill level 1 in Spellcasting
 12419 | D:12     | Killed Sonja
 12419 | D:12     | Reached skill level 10 in Armour
 12482 | D:12     | Found the +12 Vampire's Tooth {vamp}
 12573 | D:12     | Noticed Fannar
 12585 | D:12     | Killed Fannar
 12659 | D:13     | Found an ancient bone altar of Kikubaaqudgha.
 12755 | D:13     | Noticed a two-headed ogre
 12766 | D:13     | Killed a two-headed ogre
 12853 | D:13     | Noticed a tengu warrior
 12925 | D:13     | Killed a tengu warrior
 13015 | D:13     | Noticed a two-headed ogre
 13025 | D:13     | Killed a two-headed ogre
 13030 | D:13     | Reached XP level 13. HP: 74/84 MP: 15/17
 13541 | D:15     | Entered Level 15 of the Dungeon
 13977 | D:4      | Killed Esekla's ghost
 13981 | D:4      | Killed mopl's ghost
 14084 | D:5      | Killed Borgoz's ghost
 14660 | D:12     | Killed Kayhiecou's ghost
 14738 | D:12     | Reached skill level 10 in Short Blades
 14764 | D:12     | Got the long sword of the Hills {venom, rElec rPois rF+
                  | MR-}
 15092 | D:14     | Noticed Rupert
 15149 | D:14     | Killed Rupert
 15434 | D:15     | Noticed Agnes
 15454 | D:15     | HP: 1/126 [Agnes/cursed -2 lajatang (12)]
 15464 | D:15     | Killed Agnes
 15515 | D:15     | Found a blossoming altar of Fedhas.
 15682 | D:15     | Gained mutation: Your large and strong wings let you fly
                  | indefinitely. [Gargoyle growth]
 15682 | D:15     | Reached XP level 14. HP: 91/91 MP: 19/19
 15928 | D:15     | Found a staircase to the Depths.
 15979 | D:15     | Identified Roxanne's Volume of the Mountains
 15979 | D:15     | Noticed Roxanne
 16069 | D:14     | Noticed Jorgrun
 16397 | D:15     | Reached *** piety under Ashenzari
 16399 | D:15     | Noticed Kirke
 16404 | D:15     | Noticed a sphinx
 16488 | D:15     | HP: 4/92 [tengu warrior/+2 long sword of flaming[a tengu
                  | warrior] (5)]
 16489 | D:15     | Killed Kirke
 17085 | D:14     | Found a gate to the Vaults.
 17085 | D:14     | Noticed an ironheart preserver
 17118 | D:14     | Killed an ironheart preserver
 17157 | D:14     | Killed Jorgrun
 17157 | D:14     | Reached skill level 1 in Shields
 17353 | D:14     | Reached skill level 10 in Dodging
 17820 | D:15     | Killed Roxanne
 18200 | Lair:1   | Entered Level 1 of the Lair of Beasts
 18200 | Lair:1   | Noticed Erica
 18222 | Lair:1   | Killed Erica
 19110 | Lair:2   | Reached XP level 15. HP: 97/97 MP: 22/22
 19465 | Lair:2   | Found an ancient bone altar of Kikubaaqudgha.
 20239 | Lair:3   | Noticed Feuff's ghost (journeyman MiFi)
 20240 | Lair:3   | Found a runed translucent door.
 20275 | Lair:3   | Reached **** piety under Ashenzari
 20277 | Lair:3   | Identified a scroll of acquirement
 20478 | Lair:3   | Found a staircase to the Swamp.
 20570 | Lair:3   | Found a frozen archway.
 20594 | IceCv    | Entered an ice cave
 20630 | IceCv    | Reached skill level 5 in Hexes
 20823 | IceCv    | Reached skill level 5 in Spellcasting
 21487 | IceCv    | Noticed a frost giant
 21775 | IceCv    | Killed a frost giant
 21813 | IceCv    | Identified the ring "Somue" {rC+ Dex+3}
 22323 | Lair:3   | Killed Feuff's ghost
 23119 | Lair:4   | Noticed Urug
 23171 | Lair:4   | Killed Urug
 23346 | Lair:4   | Found a staircase to the Snake Pit.
 24246 | Lair:5   | Reached XP level 16. HP: 104/104 MP: 23/23
 24315 | Lair:5   | Found a staircase to the Slime Pits.
 24975 | Lair:6   | Entered Level 6 of the Lair of Beasts
 25375 | Lair:6   | Got the hand axe "Hatuniwk" {elec, rN+ Dex+2}
 25555 | Lair:6   | Reached ***** piety under Ashenzari
 25580 | Lair:6   | Reached skill level 5 in Shields
 25833 | Lair:6   | Found a large runed translucent door.
 25833 | Lair:6   | Found a large runed translucent door.
 26546 | Orc:1    | Entered Level 1 of the Orcish Mines
 26549 | Orc:1    | Found a roughly hewn altar of Beogh.
 26710 | Orc:1    | Found a transporter.
 26712 | Orc:1    | Noticed Borgoz's ghost (novice MiGl)
 26716 | Orc:1    | Found a transporter.
 26719 | Orc:1    | Identified the +6 battleaxe of Seddiume {antimagic, +Blink}
 26720 | Orc:1    | Found a bloodstained altar of Trog.
 27142 | Orc:2    | Entered Level 2 of the Orcish Mines
 27167 | Orc:2    | Found a staircase to the Elven Halls.
 27560 | Orc:2    | Found Cacwutaa's Jewellery Emporium.
 27560 | Orc:2    | Found Veduom's General Store.
 27561 | Orc:2    | Found Boly's Distillery.
 27561 | Orc:2    | Found Noino's Jewellery Shoppe.
 27769 | Orc:2    | Bought a potion of invisibility for 120 gold pieces
 27881 | Orc:1    | Found Qialoefi's Mass Market.
 28283 | Swamp:1  | Entered Level 1 of the Swamp
 29022 | Swamp:2  | Reached XP level 17. HP: 111/111 MP: 24/24
 30640 | Swamp:4  | Entered Level 4 of the Swamp
 30642 | Swamp:4  | Identified the ring "Caprao" {*Slow rN+ MP-9 Str+9 Dex+4}
 31308 | Swamp:4  | Noticed the 27-headed Lernaean hydra
 31319 | Swamp:4  | Slain by the 27-headed Lernaean hydra

Levels and vault maps discovered:
D:1:      moated_graveyard_arrival, layout_rooms, minmay_pentomino_u4
D:2:      layout_basic, first_ration, uniq_terence
D:3:      layout_basic
D:4:      wander_river, layout_loops_cross, nicolae_overflow_crystal_walls,
          grunt_gozag_statues, lemuel_doored_altar, gammafunk_ghost_cemetery
D:5:      layout_gridville, bloody_trog, minmay_temple_entry_arrows,
          gammafunk_ghost_icy
D:6:      layout_basic, minmay_stone_trees_medium,
          nicolae_tso_swordbearing_angel
D:7:      layout_loops_ring, grunt_temple_overflow_cloverleaf, grunt_ogre_cave,
          minmay_misc_feat_enclosed
D:8:      layout_cave_pools, uniq_joseph
D:9:      layout_irregular_city, old_standard_altar, lair_entry_dummy,
          serial_bayou, serial_bayou_lagoon_a, serial_bayou_lake_a,
          serial_bayou_pond_d, serial_bayou_pond_d, minmay_misc_feat_plants,
          wad_floor_pattern_untrapped
D:10:     layout_cave_pods, basic_altar, nicolae_elemental_shop,
          corexii_leaking_fountain
D:11:     layout_roguey, hiddenorc1_lemuel, basic_altar, serial_bayou_pond_e,
          uniq_gastronok
D:12:     gammafunk_wand_slinger, layout_basic, hellmonk_ghost_happy_afterlife,
          serial_shops, nicolae_shop_temple_entry_statues_fountains,
          minmay_guarded_unrand_vampires_tooth, uniq_fannar, uniq_snorg,
          uniq_sonja
D:13:     layout_cave_pools, serial_column_ruins, column_ruins_temple_hall,
          column_ruins_columns_corner, column_ruins_grid_1, column_ruins_grid_1,
          column_ruins_corridor_straight, column_ruins_columns_corner
D:14:     layout_rooms, skrybe_vaults_entry_preservation, hangedman_glass_teeth,
          uniq_rupert, uniq_jorgrun
D:15:     grunt_enter_depths_snipers, layout_basic, fedhas_altar_3, uniq_agnes,
          uniq_roxanne, uniq_kirke
Temple:   oiseaux_autumnal_temple
Lair:1:   layout_roguey, grunt_forest_small_clearing_treed, uniq_erica
Lair:2:   layout_cave_pods, basic_altar, minivault_24, minivault_11
Lair:3:   dpeg_oklob_gauntlet, layout_small_grid, minmay_swamp_entry_worms,
          hellmonk_ghost_happy_afterlife, portal_ice_cave_demonic_guard
Lair:4:   regret_index_tunnel_blossom, layout_loops_ring, st_stairs_12,
          lemuel_fruit_fields, uniq_urug
Lair:5:   layout_regular_city, slime_dummy
Lair:6:   cheibrodos_lair_end_hotspot, layout_cave_shapes, ldierk_geyser
Swamp:1:  layout_basic_swamp, hangedman_swamp_ruin_wall, swamp_pool1
Swamp:2:  layout_basic_swamp, evilmike_swamp_ruin_rubble_1
Swamp:3:  layout_basic_swamp, evilmike_swamp_ruin_house_6
Swamp:4:  grunt_swamp_rune_castle, layout_basic_swamp, swamp_pool3,
          infiniplex_staircase_pool_2
Orc:1:    layout_diamond_mine, gammafunk_ghost_wrathful_warriors,
          minmay_shop_mass, mines2_david
Orc:2:    st_orc_ogre_mass, layout_diamond_mine

Skill      XL: |  1  2  3  4  5  6  7  8  9 10 11 12 13 14 15 16 17 |
---------------+----------------------------------------------------+-----
Short Blades   | 3 4 5 6 7 8 9 10 11 12 | 12.9
Armour         | 1 2 3 5 6 8 9 10 11 12 13 14 | 14.5
Stealth        | 1 2 3 4 5 6 7 |  7.6
Fighting       | 3 4 5 7 8 9 10 11 12 13 14 | 14.5
Dodging        | 3 4 5 6 7 8 9 10 11 | 11.9
Evocations     | 1 2 3 4 5 6 7 8 9 |  9.0
Hexes          | 2 3 4 5 6 |  6.8
Spellcasting   | 2 3 4 5 |  5.0
Shields        | 2 4 5 6 |  6.4
Throwing       | |  1.7

Action                   |  1- 3 |  4- 6 |  7- 9 | 10-12 | 13-15 | 16-18 || total
-------------------------+-------+-------+-------+-------+-------+-------++-------
Melee: Rapier            |    96 |   251 |   147 |       |       |       ||   494
       Short sword       |       |     5 |    85 |       |       |       ||    90
       Morningstar       |       |       |   150 |   427 |       |       ||   577
       Quick blade       |       |       |       |   189 |  2088 |  1749 ||  4026
Throw: Throwing net      |       |       |       |     2 |     1 |       ||     3
 Cast: Confusing Touch   |       |       |       |     1 |    38 |     6 ||    45
Invok: Curse Item        |       |       |       |     1 |       |       ||     1
 Abil: Evoke Berserk Rag |       |     1 |     1 |     6 |     6 |     1 ||    15
       Fly               |       |       |       |       |     1 |       ||     1
Evoke: Wand              |       |       |       |     5 |    21 |     1 ||    27
  Use: Scroll            |     5 |     8 |     3 |     6 |    11 |     1 ||    34
       Potion            |     1 |     1 |       |     4 |     8 |       ||    14
 Stab: Sleeping          |       |     1 |     6 |     9 |    13 |    12 ||    41
       Held in net/web   |       |       |       |     2 |     4 |       ||     6
       Paralysed         |       |       |       |     6 |       |       ||     6
       Distracted        |       |       |       |     1 |     3 |     2 ||     6
       Confused          |       |       |       |     2 |    48 |     2 ||    52
  Eat: Chunk             |     1 |     8 |    19 |    18 |    28 |    22 ||    96
       Ration            |       |       |       |     1 |     4 |     1 ||     6
Armor: Leather armour    |    20 |       |    77 |       |       |       ||    97
       Ring mail         |    31 |   145 |    40 |   287 |   456 |   552 ||  1511
       Skin              |    14 |       |       |       |       |       ||    14
Dodge: Dodged            |    58 |   170 |   243 |   528 |   869 |   896 ||  2764

Table legend:
 A = Non-vault XP
 B = Vault XP
 C = Vault XP percentage of total XP
 D = Non-vault monster count
 E = Vault monster count
 F = Vault count percentage of total count
                 A         B        C        D         E       F
            +---------+---------+-------+---------+---------+-------
      Total |  126808 |   92644 |  42.2 |     641 |     285 |  30.8
            +---------+---------+-------+---------+---------+-------
        D:1 |      36 |       0 |   0.0 |      21 |       0 |   0.0
        D:2 |      51 |      36 |  41.4 |      20 |       1 |   4.8
        D:3 |      45 |       0 |   0.0 |      11 |       0 |   0.0
        D:4 |     533 |     329 |  38.2 |      25 |       2 |   7.4
        D:5 |     497 |     680 |  57.8 |      24 |       8 |  25.0
        D:6 |     586 |       0 |   0.0 |      18 |       0 |   0.0
        D:7 |     803 |     113 |  12.3 |      17 |       1 |   5.6
        D:8 |    2576 |     460 |  15.2 |      27 |       1 |   3.6
        D:9 |    1585 |       0 |   0.0 |      32 |       0 |   0.0
       D:10 |    3185 |       0 |   0.0 |      21 |       0 |   0.0
       D:11 |    5990 |    2425 |  28.8 |      24 |      18 |  42.9
       D:12 |    3472 |    7279 |  67.7 |      22 |      20 |  47.6
       D:13 |    8540 |       0 |   0.0 |      40 |       0 |   0.0
       D:14 |    9929 |    9940 |  50.0 |      30 |      11 |  26.8
       D:15 |   11425 |    8775 |  43.4 |      29 |      11 |  27.5
     Lair:1 |    4539 |     923 |  16.9 |      21 |       1 |   4.5
     Lair:2 |    4079 |       0 |   0.0 |      22 |       0 |   0.0
     Lair:3 |    1744 |    2800 |  61.6 |       6 |       5 |  45.5
     Lair:4 |    5398 |    8463 |  61.1 |      16 |      53 |  76.8
     Lair:5 |   10336 |       0 |   0.0 |      26 |       0 |   0.0
     Lair:6 |   10858 |    7941 |  42.2 |      45 |      29 |  39.2
    Swamp:1 |    5166 |       0 |   0.0 |      18 |       0 |   0.0
    Swamp:2 |   18387 |       0 |   0.0 |      39 |       0 |   0.0
    Swamp:3 |   10937 |    2735 |  20.0 |      28 |       4 |  12.5
    Swamp:4 |    1756 |    6457 |  78.6 |       5 |      14 |  73.7
      Orc:1 |    2163 |     406 |  15.8 |      36 |       9 |  20.0
      Orc:2 |    2192 |   19167 |  89.7 |      18 |      41 |  69.5
      IceCv |       0 |   13715 | 100.0 |       0 |      56 | 100.0
            +---------+---------+-------+---------+---------+-------
